 Dungeon Crawl Stone Soup version 0.21.1-1-g345015f (webtiles) character file.

41 xccam the Skirmisher (level 3, -1/29 HPs)
             Began as a Demonspawn Abyssal Knight on Feb 12, 2018.
             Was a Follower of Lugonu.
             Slain by a hobgoblin
             ... wielding a +0 club
              (4 damage)
             ... on level 2 of the Dungeon.
             The game lasted 00:02:37 (893 turns).

xccam the Skirmisher (Demonspawn Abyssal Knight)     Turns: 893, Time: 00:02:37

Health: -1/29      AC:  5    Str: 12    XL:     3   Next: 32%
Magic:  4/4        EV: 11    Int: 13    God:    Lugonu [*.....]
Gold:   65         SH:  0    Dex: 13    Spells: 2/2 levels left

rFire    . . .     SeeInvis .   j - +0 dagger (curse)
rCold    . . .     Gourm    .   (no shield)
rNeg     . . .     Faith    .   b - +0 leather armour
rPois    .         Spirit   .   e - +0 helmet
rElec    .         Reflect  .   (no cloak)
rCorr    .         Harm     .   (no gloves)
MR       .....                  f - +0 pair of boots
Stlth    ++........             (no amulet)
HPRegen  0.09/turn              (no ring)
MPRegen  0.09/turn              (no ring)

@: no status effects
A: claws 1, nightstalker 1
a: Depart the Abyss, Renounce Religion


You were on level 2 of the Dungeon.
You worshipped Lugonu.
Lugonu was aware of your devotion.
You were not hungry.

You visited 1 branch of the dungeon, and saw 2 of its levels.
You visited the Abyss 1 time.

You collected 65 gold pieces.

Inventory:

Hand Weapons
 a - a +1 hand axe
 j - a cursed +0 dagger (weapon)
Armour
 b - a +0 leather armour (worn)
 e - a +0 helmet (worn)
 f - a +0 pair of boots (worn)
Scrolls
 d - 2 scrolls of identify
 h - a scroll of enchant armour {unknown}
 i - a scroll of remove curse {unknown}
 k - a scroll of enchant weapon {unknown}
 l - a scroll of teleportation {unknown}
Potions
 m - a potion of curing
Comestibles
 c - 4 rations


   Skills:
 - Level 3.0 Fighting
 + Level 1.7 Short Blades
 - Level 2.8 Axes
 - Level 1.7 Armour
 - Level 0.8 Dodging
 - Level 2.4 Invocations


You had 2 spell levels left.
You didn't know any spells.

Dungeon Overview and Level Annotations

Branches:
Dungeon (2/15)

Altars:


Innate Abilities, Weirdness & Mutations

You have sharp fingernails.
You are slightly more attuned to the shadows.


Message History

The hobgoblin is moderately wounded.
You hit the hobgoblin but do no damage.
The hobgoblin is moderately wounded.
The hobgoblin hits you with a club.
* * * LOW HITPOINT WARNING * * *
You hit the hobgoblin.
The hobgoblin is almost dead.
The hobgoblin hits you with a club.
* * * LOW HITPOINT WARNING * * *
You hit the hobgoblin but do no damage.
The hobgoblin is almost dead.
The hobgoblin barely misses you.
You closely miss the hobgoblin.
The hobgoblin is almost dead.
The hobgoblin hits you with a club.
* * * LOW HITPOINT WARNING * * *
You barely miss the hobgoblin.
The hobgoblin is almost dead.
The hobgoblin hits you with a club.
You die...

## .. ###. ..>
#.## #.<#
########.(#
#...w@g...#
#.#######.#
#....w..).#
#.........#
#.........#
.....##......
####.###.######
.... #.# ##.#
#.#


You could see a worm and a hobgoblin.

Vanquished Creatures
  An ooze (D:1)
  2 dart slugs (D:1)
  A leopard gecko (D:1)
  6 bats (D:1)
  5 goblins
  7 hobgoblins
  A kobold (D:1)
  4 frilled lizards (D:1)
  4 rats (D:1)
31 creatures vanquished.

Notes
Turn   | Place    | Note
-------+----------+-------------------------------------------
     0 | Abyss:1  | xccam the Demonspawn Abyssal Knight began the quest for the Orb.
     0 | Abyss:1  | Reached XP level 1. HP: 18/18 MP: 2/2
     3 | Abyss:1  | Found a corrupted altar of Lugonu.
    11 | Abyss:1  | Found a corrupted altar of Lugonu.
    36 | Abyss:1  | Noticed a starcursed mass
    37 | D:1      | Escaped the Abyss
   133 | D:1      | Gained mutation: You are slightly more attuned to the shadows. [demonic ancestry]
   133 | D:1      | Reached XP level 2. HP: 17/24 MP: 3/3
   334 | D:1      | Reached * piety under Lugonu
   459 | D:1      | Reached skill level 1 in Short Blades
   483 | D:1      | Gained mutation: You have sharp fingernails. [demonic ancestry]
   483 | D:1      | Reached XP level 3. HP: 17/29 MP: 4/4
   893 | D:2      | Slain by a hobgoblin

Skill      XL: |  1  2 |
---------------+-------+-----
Axes           | 2 |  2.8
Short Blades   | 1 |  1.7
Fighting       | |  3.0
Armour         | |  1.7
Dodging        | |  0.8
Invocations    | |  2.4

Action                   || total
-------------------------++-------
Melee: Hand axe          ||    29
       Dagger            ||    93
Invok: Depart the Abyss  ||     1
  Use: Scroll            ||     1
 Stab: Sleeping          ||     4
Armor: Leather armour    ||    37
Dodge: Dodged            ||    67
